[Event "ROU-chT Men Superliga 2018"]
[Site "Sovata"]
[Date "2018.11.26"]
[Round "3"]
[White "Scripcaru, George-Daniel"]
[Black "Vasiesiu, Victor"]
[Result "1/2-1/2"]
[ECO "A05"]
[WhiteElo "2176"]
[BlackElo "2270"]
[Annotator "NA"]
[PlyCount "49"]
[EventDate "2018.11.24"]
[EventType "team-tourn"]
[EventCountry "ROU"]
[SourceTitle "playchess.com"]
[Source "ChessBase"]
[SourceQuality "1"]
[TimeControl "40/5400+30:1800+30"]

1. Nf3 Nf6 2. g3 g6 3. b3 Bg7 4. Bb2 O-O 5. Bg2 c5 6. c4 Nc6 7. O-O d6 8. d4 cxd4 9. Nxd4 Bd7 10. Nc2 a6 11. Nc3 Qa5 12. Nd5 {[%emt 0:20:48] A38: Symmetrical English vs ...g6: 4 Bg2 Bg7 5 Nf3 Nf6} Nxd5 13. Bxg7 Nc3 14. Bxc3 Qxc3 15. Ne3 Be6 {[%emt 0:02:28] LiveBook: 6 Games} 16. Nd5 (16. Rc1 Qa5 17. Qc2 Rfc8 18. Qb2 Rab8 19. Rfd1 Qe5 {½-½ (43) Topalov,V (2752)-Grischuk,A (2754) London 2012}) 16... Bxd5 17. Qxd5 $146 ({Predecessor:} 17. Bxd5 Rac8 18. Qc1 Qa5 19. Rd1 b5 20. Bxc6 Rxc6 21. Qg5 Re8 22. cxb5 Qxb5 {½-½ (22) Cvetkovic,S (2303)-Pantelic,S (2358) Veliko Gradiste 2016}) 17... Rac8 18. Rfd1 Rc7 19. h4 h5 20. Qe4 Qe5 21. Qd3 Rb8 $11 22. Rac1 Qf6 23. Qd2 b6 24. Bd5 Ne5 25. Kg2 1/2-1/2

[Event "ROU-chT Men Superliga 2018"]
[Site "Sovata"]
[Date "2018.11.26"]
[Round "3"]
[White "Popescu, Daniel-Vasilica"]
[Black "Nastase, Robert-Paul"]
[Result "0-1"]
[ECO "C24"]
[WhiteElo "2131"]
[BlackElo "2296"]
[Annotator "ChessBase"]
[PlyCount "124"]
[EventDate "2018.11.24"]
[EventType "team-tourn"]
[EventCountry "ROU"]
[SourceTitle "playchess.com"]
[Source "ChessBase"]
[SourceQuality "1"]
[TimeControl "40/5400+30:1800+30"]

1. e4 e5 2. Bc4 Nf6 3. d3 Bc5 4. Nf3 d6 5. c3 Nc6 6. Be3 Bb6 7. Nbd2 O-O 8. Bb3 Ng4 9. Bxb6 axb6 10. O-O Ne7 11. d4 Ng6 12. Re1 Qf6 13. Nf1 Nf4 14. h3 Nh6 15. Ne3 c6 16. Kh2 b5 17. Ng1 Kh8 18. Qf3 Ng8 19. Rad1 Qh6 20. dxe5 dxe5 21. Ng4 Qg5 22. Rd6 Qe7 23. Rd2 Bxg4 24. Qxg4 Nf6 25. Qf3 Rfd8 26. Red1 Kg8 27. g3 Ne6 28. Bxe6 fxe6 29. Rxd8+ Rxd8 30. Rxd8+ Qxd8 31. Qe2 Qa5 32. a3 Qa4 33. f3 Kf7 34. Qd2 h6 35. Ne2 Ke7 36. h4 Nd7 37. g4 Nb6 38. g5 Nc4 39. Qc1 h5 40. g6 Qb3 41. Ng3 Qxb2+ 42. Qxb2 Nxb2 43. Nxh5 Nc4 44. Kg3 Kf8 45. Kg4 Nd2 46. Ng3 Nb1 47. h5 Nxa3 48. Kg5 Nc4 49. h6 gxh6+ 50. Kxh6 Nd6 51. Kh7 Ne8 52. Ne2 c5 53. f4 b4 54. cxb4 cxb4 55. f5 exf5 56. exf5 b3 57. Nc3 b2 58. Kh6 e4 59. Kg5 e3 60. f6 b1=Q 61. Nxb1 e2 62. f7 Ng7 0-1

[Event "ROU-chT Men Superliga 2018"]
[Site "Sovata"]
[Date "2018.11.27"]
[Round "4"]
[White "Miron, Lucian-Costin"]
[Black "Vavric, Pavel"]
[Result "1-0"]
[ECO "A50"]
[WhiteElo "2465"]
[BlackElo "2351"]
[Annotator "ChessBase"]
[PlyCount "107"]
[EventDate "2018.11.24"]
[EventType "team-tourn"]
[EventCountry "ROU"]
[SourceTitle "playchess.com"]
[Source "ChessBase"]
[SourceQuality "1"]
[TimeControl "40/5400+30:1800+30"]

1. d4 Nf6 2. c4 b6 3. Nc3 Bb7 4. d5 e6 5. a3 Bd6 6. Nf3 O-O 7. g3 c6 8. Bg2 Na6 9. O-O cxd5 10. cxd5 Nxd5 11. Nxd5 exd5 12. b4 Re8 13. Bb2 Rc8 14. e3 Nc7 15. Qd2 Be7 16. Nd4 Bf6 17. Rfc1 Bxd4 18. Qxd4 Ne6 19. Qd3 Qg5 20. Rd1 Qg6 21. Qxg6 hxg6 22. Bxd5 Bxd5 23. Rxd5 Rc2 24. Rb1 Rd8 25. h4 Kf8 26. Be5 f6 27. Bd6+ Ke8 28. Rbd1 Rdc8 29. R1d3 Re2 30. g4 Rc4 31. Bg3 Nf8 32. Kg2 Rec2 33. Kf3 R2c3 34. Bb8 a6 35. Ba7 Rxd3 36. Rxd3 Rc6 37. a4 Kd8 38. b5 axb5 39. axb5 Re6 40. Bb8 f5 41. g5 Re4 42. Bg3 Re6 43. Rc3 d5 44. Rd3 Nd7 45. Rxd5 Ke7 46. Rd4 Nc5 47. Bc7 Ne4 48. Rd3 Ke8 49. Rd8+ Kf7 50. Rd7+ Kf8 51. Rd3 Ke8 52. Kg2 Re7 53. Rd8+ Kf7 54. Bxb6 1-0

[Event "ROU-chT Men Superliga 2018"]
[Site "Sovata"]
[Date "2018.11.27"]
[Round "4"]
[White "Baltag, Iulian"]
[Black "Grigore, George-Gabriel"]
[Result "1/2-1/2"]
[ECO "A49"]
[WhiteElo "2414"]
[BlackElo "2488"]
[Annotator "RC"]
[PlyCount "55"]
[EventDate "2018.11.24"]
[EventType "team-tourn"]
[EventCountry "ROU"]
[SourceTitle "playchess.com"]
[Source "ChessBase"]
[SourceQuality "1"]
[TimeControl "40/5400+30:1800+30"]

1. d4 Nf6 2. Nf3 g6 3. g3 Bg7 4. Bg2 O-O 5. O-O d6 6. b3 c5 7. Bb2 cxd4 8. Nxd4 d5 9. Na3 e5 10. Nf3 e4 11. Nd4 a6 12. c4 dxc4 13. Nxc4 b5 14. Ne3 Ra7 15. Qb1 Re8 16. Rd1 Qb6 17. a4 Rd7 18. axb5 axb5 19. Qa2 Nd5 20. Nxd5 Rxd5 21. Nc2 Rxd1+ 22. Rxd1 Nd7 23. Bxg7 Kxg7 24. Ne3 Nf6 25. Qb2 Kg8 26. Rd4 Qc5 27. Rd1 Qb6 28. h3 1/2-1/2

[Event "ROU-chT Men Superliga 2018"]
[Site "Sovata"]
[Date "2018.11.27"]
[Round "4"]
[White "Moldovan, Daniel"]
[Black "Popescu, Daniel-Vasilica"]
[Result "1-0"]
[ECO "B40"]
[WhiteElo "2406"]
[BlackElo "2131"]
[Annotator "NA"]
[PlyCount "77"]
[EventDate "2018.11.24"]
[EventType "team-tourn"]
[EventCountry "ROU"]
[SourceTitle "playchess.com"]
[Source "ChessBase"]
[SourceQuality "1"]
[TimeControl "40/5400+30:1800+30"]

1. e4 c5 2. Nf3 e6 3. d4 cxd4 4. Nxd4 Nf6 5. Nc3 Nc6 6. a3 a6 7. Nxc6 {[%emt 0:04:14] B46: Sicilian: Taimanov: 5 Nc3 a6} (7. Be2 Qc7 8. Be3 Be7 9. f4 d6 10. O-O O-O 11. Qe1 Nxd4 12. Bxd4 e5 13. fxe5 dxe5 14. Qg3 Bc5 15. Bxc5 Qxc5+ 16. Kh1 Kh8 17. Qh4 Rg8 18. Rxf6 gxf6 19. Qxf6+ Rg7 20. Qd8+ Rg8 21. Qf6+ Rg7 22. Qd8+ {½-½ (22) Karapchanska,S (2505)-Iotov,V (2518) ICCF email 2010}) 7... bxc6 8. e5 Nd5 9. Ne4 Qc7 10. Qh5 $146 ({Predecessor:} 10. f4 c5 11. c4 Nb6 12. Nd6+ Bxd6 13. exd6 Qc6 14. Be2 Qe4 {½-½ (51) Gelbenegger,P (2055)-Kokol,P (2367) St Veit 2016}) 10... g6 11. Qg5 Be7 12. Qg3 f5 {[%emt 0:15:53] [#]} (12... Qb6 $16) 13. Nd6+ $1 Bxd6 14. exd6 Qd8 15. c4 Nf6 16. Qe5 O-O 17. f3 Ne8 18. Bd2 Qf6 19. Qxf6 Nxf6 20. O-O-O a5 21. a4 Ba6 22. Bc3 Kf7 23. Bd3 Rfb8 24. Rhe1 Ne8 25. Bf1 c5 26. Rd2 Bb7 27. b3 Ra6 28. Be5 Rb6 29. Kc2 Bc6 30. Re3 Rb4 31. Be2 Nf6 32. Bd1 Ng8 {[%emt 0:03:48] [#]} (32... R4b6 $142) 33. Kc1 $16 Bxa4 34. bxa4 Rxc4+ 35. Rc3 Rbb4 36. Rxc4 Rxc4+ 37. Rc2 Rxa4 38. Rxc5 Ra2 39. Bb2 1-0

[Event "ROU-chT Men Superliga 2018"]
[Site "Sovata"]
[Date "2018.11.27"]
[Round "4"]
[White "Toma, Radu-Cristian"]
[Black "Scripcaru, George-Daniel"]
[Result "1-0"]
[ECO "E63"]
[WhiteElo "2354"]
[BlackElo "2176"]
[Annotator "NA"]
[PlyCount "59"]
[EventDate "2018.11.24"]
[EventType "team-tourn"]
[EventCountry "ROU"]
[SourceTitle "playchess.com"]
[Source "ChessBase"]
[SourceQuality "1"]
[TimeControl "40/5400+30:1800+30"]

1. d4 Nf6 2. Nf3 g6 3. c4 Bg7 4. g3 O-O 5. Bg2 d6 6. Nc3 a6 7. O-O Nc6 8. e4 Bg4 9. Be3 Nd7 10. Ne2 {[%emt 0:01:13] E63: King's Indian: Fianchetto: Panno Variation with 7...a6} (10. Qd2 Bxf3 11. Bxf3 e5 12. d5 Nd4 13. Bg2 c5 14. dxc6 bxc6 15. f4 Rb8 16. Rf2 Nf6 17. h3 Nh5 18. Kh2 exf4 19. gxf4 {½-½ (43) Mamedyarov,S (2799)-Amin,B (2689) Riadh 2017}) 10... e5 11. d5 Ne7 12. h3 $146 ({Predecessor:} 12. Ne1 Bxe2 13. Qxe2 f5 14. f3 Kh8 15. Nd3 Ng8 16. c5 fxe4 17. fxe4 Bh6 {1-0 (44) Krasenkow,M (2658)-Socko,B (2557) Warsaw 2001}) 12... Bxf3 13. Bxf3 a5 14. g4 f6 ({Better is} 14... f5 $11) 15. Ng3 Nc5 16. Qd2 Rf7 17. Bd1 Qf8 18. Bc2 Kh8 19. Kg2 Ng8 20. h4 Qc8 $16 21. Qe2 Ne7 22. Rh1 Kg8 23. h5 g5 24. b3 h6 25. a3 Qd7 26. b4 Na6 27. c5 Rff8 28. Rhb1 Rfb8 29. Bd3 Qc8 30. Rc1 1-0

[Event "ROU-chT Men Superliga 2018"]
[Site "Sovata"]
[Date "2018.11.27"]
[Round "4"]
[White "Ogleznev, Alexandr"]
[Black "Manea, Alexandru"]
[Result "1/2-1/2"]
[ECO "B47"]
[WhiteElo "2333"]
[BlackElo "2347"]
[Annotator "NA"]
[PlyCount "164"]
[EventDate "2018.11.24"]
[EventType "team-tourn"]
[EventCountry "ROU"]
[SourceTitle "playchess.com"]
[Source "ChessBase"]
[SourceQuality "1"]
[TimeControl "40/5400+30:1800+30"]

1. e4 c5 2. Nf3 e6 3. d4 cxd4 4. Nxd4 Nc6 5. Nc3 Qc7 6. Be2 Nf6 7. O-O Be7 8. Be3 O-O 9. f4 d6 10. Kh1 Nxd4 11. Qxd4 b6 {[%emt 0:00:23] B83: Sicilian Scheveningen: 6 Be2, lines without ...a6} 12. Bf3 Bb7 13. Nb5 Qb8 14. c4 a6 (14... Rd8 15. Qd3 a6 16. Nc3 Qc7 17. Rac1 Rac8 18. b3 Nd7 19. Rfd1 {½-½ (26) Wang,H (2709)-Safarli,E (2639) Riadh 2017}) 15. Nc3 {[%emt 0:00:28] LiveBook: 15 Games} Nd7 16. e5 $146 ({Predecessor:} 16. Rfd1 Rd8 17. Rac1 Nc5 18. Qd2 Bf6 19. b4 Bxc3 20. Qxc3 Nxe4 {0-1 (47) Henrichs,T (2467)-Pruijssers,R (2519) Bregenz 2018}) 16... Bxf3 17. Rxf3 Rd8 18. exd6 Qxd6 19. Qxd6 Bxd6 20. b3 Bb4 21. Bf2 Nc5 22. Bxc5 Bxc5 23. Ne4 Be7 24. f5 Rd4 25. Nc3 exf5 26. Rxf5 Rd2 27. Nd5 Bc5 28. Raf1 f6 29. Nc7 Ra7 30. Ne6 Ba3 31. R5f2 Rad7 32. g3 h6 33. Nf4 Bc5 34. Rxd2 Rxd2 35. a4 a5 36. Ne6 Bd6 37. Nf4 Kf7 38. Nd5 Bc5 39. Rb1 Rc2 40. b4 axb4 41. Nxb4 Rxc4 42. Nd5 Rxa4 43. Nxb6 Rd4 44. Rb5 Rd1+ 45. Kg2 Rd2+ 46. Kh1 Rc2 47. Nd5 g5 48. Rb3 Rd2 49. Ne3 h5 50. h3 Re2 51. Nf1 ({Better is} 51. Nf5) 51... Rf2 52. Nh2 Rc2 53. Rf3 Kg6 54. g4 hxg4 55. Nxg4 Bd4 56. Rd3 Rc4 57. Kg2 $2 (57. Ra3 $17 {is a better defense.}) 57... Ra4 (57... f5 $19 58. Nf2 Kh5) 58. Kf3 Kf5 59. Ne3+ Ke6 60. Ng2 Be5 61. Rb3 Ra1 (61... Bd6 $17 62. Re3+ Kf7) 62. h4 $1 Rf1+ 63. Ke2 Rg1 64. Kf2 $1 Bd4+ 65. Ne3 Rg4 66. hxg5 Rxg5 67. Kf3 Rh5 68. Kg4 Rg5+ 69. Kf3 Rh5 70. Kg4 Rh1 71. Nf5 Rg1+ 72. Rg3 Rd1 73. Nxd4+ Rxd4+ 74. Kh3 Ke5 75. Kg2 Rd2+ 76. Kf1 f5 77. Ra3 Kf4 $11 78. Rb3 Kg4 79. Ra3 f4 80. Rb3 Rh2 81. Kg1 Re2 82. Ra3 Re3 1/2-1/2

[Event "ROU-chT Men Superliga 2018"]
[Site "Sovata"]
[Date "2018.11.27"]
[Round "4"]
[White "Balla, Tamas-Kristof"]
[Black "Banzea, Alexandru-Bogdan"]
[Result "0-1"]
[ECO "E73"]
[WhiteElo "2318"]
[BlackElo "2313"]
[Annotator "ChessBase"]
[PlyCount "100"]
[EventDate "2018.11.24"]
[EventType "team-tourn"]
[EventCountry "ROU"]
[SourceTitle "playchess.com"]
[Source "ChessBase"]
[SourceQuality "1"]
[TimeControl "40/5400+30:1800+30"]

1. d4 Nf6 2. c4 g6 3. Nc3 Bg7 4. e4 d6 5. Be2 O-O 6. Be3 e5 7. d5 Na6 8. g4 Nc5 9. Bf3 a5 10. h4 Bd7 11. g5 Ne8 12. h5 a4 13. Qd2 c6 14. O-O-O Qa5 15. Kb1 Nc7 16. h6 Bh8 17. dxc6 bxc6 18. Bxc5 Qxc5 19. Qxd6 Qxd6 20. Rxd6 Rfd8 21. Nge2 Kf8 22. Nc1 Ke7 23. Rd2 Ne6 24. Rg1 f6 25. gxf6+ Bxf6 26. Bg4 Nd4 27. Rd3 Be8 28. Bd1 a3 29. b3 Bf7 30. N3e2 Ne6 31. Kc2 Rdb8 32. Rh3 Nc5 33. Re3 Ra7 34. Kc3 Rd7 35. Nd3 Ne6 36. Nb4 Rb6 37. Rd3 Rdb7 38. Nc2 Nc5 39. Re3 Bh4 40. Rg2 Rd7 41. Ned4 exd4+ 42. Nxd4 Ne6 43. Bg4 Rxd4 44. Bxe6 Rd1 45. Bxf7 Kxf7 46. f4 c5 47. e5 Ke6 48. Rh3 Be1+ 49. Kc2 Ra1 50. Kd3 Rxa2 0-1

[Event "ROU-chT Men Superliga 2018"]
[Site "Sovata"]
[Date "2018.11.27"]
[Round "4"]
[White "Nastase, Robert-Paul"]
[Black "Vasiesiu, Dan"]
[Result "1/2-1/2"]
[ECO "C11"]
[WhiteElo "2296"]
[BlackElo "2394"]
[Annotator "NA"]
[PlyCount "24"]
[EventDate "2018.11.24"]
[EventType "team-tourn"]
[EventCountry "ROU"]
[SourceTitle "playchess.com"]
[Source "ChessBase"]
[SourceQuality "1"]
[TimeControl "40/5400+30:1800+30"]

1. e4 e6 2. d4 d5 3. Nc3 Nf6 4. e5 Nfd7 5. f4 c5 6. Nf3 Nc6 7. Be3 Be7 8. Qd2 O-O 9. dxc5 Nxc5 10. O-O-O a6 11. Qf2 Qa5 12. Kb1 Na4 $14 {[%emt 0:04:12] LiveBook: 3 Games} 1/2-1/2

[Event "ROU-chT Men Superliga 2018"]
[Site "Sovata"]
[Date "2018.11.27"]
[Round "4"]
[White "Vasiesiu, Victor"]
[Black "Dicu, Razvan-Stefan"]
[Result "1/2-1/2"]
[ECO "B80"]
[WhiteElo "2270"]
[BlackElo "2274"]
[Annotator "NA"]
[PlyCount "39"]
[EventDate "2018.11.24"]
[EventType "team-tourn"]
[EventCountry "ROU"]
[SourceTitle "playchess.com"]
[Source "ChessBase"]
[SourceQuality "1"]
[TimeControl "40/5400+30:1800+30"]

1. e4 c5 2. Nf3 e6 3. d4 cxd4 4. Nxd4 Nf6 5. Nc3 d6 6. Be3 a6 7. f3 h5 8. Bc4 b5 9. Bb3 Qc7 10. Qd2 Bb7 11. O-O Nbd7 12. Rad1 $11 Ne5 13. Ndxb5 axb5 14. Nxb5 Qc6 15. Nxd6+ Bxd6 16. Qxd6 Qxd6 17. Rxd6 O-O 18. Rfd1 Rfc8 19. c3 Bc6 20. R6d4 1/2-1/2

[Event "ROU-chT Men Superliga 2018"]
[Site "Sovata"]
[Date "2018.11.27"]
[Round "4"]
[White "Luncasu, Raul-Ionut"]
[Black "Ionescu, Doru-Alexandru"]
[Result "1/2-1/2"]
[ECO "B27"]
[WhiteElo "2187"]
[BlackElo "2321"]
[Annotator "ChessBase"]
[PlyCount "119"]
[EventDate "2018.11.24"]
[EventType "team-tourn"]
[EventCountry "ROU"]
[SourceTitle "playchess.com"]
[Source "ChessBase"]
[SourceQuality "1"]
[TimeControl "40/5400+30:1800+30"]

1. e4 c5 2. Nf3 g6 3. Nc3 Bg7 4. d4 Qa5 5. d5 d6 6. Bd2 Nf6 7. h3 O-O 8. Bc4 a6 9. a4 Nbd7 10. O-O Qc7 11. Re1 Rb8 12. a5 Ne8 13. Na4 Qd8 14. Rb1 Ne5 15. Nxe5 Bxe5 16. Nb6 Nc7 17. Bh6 Bg7 18. Bxg7 Kxg7 19. Qd2 Bd7 20. e5 Na8 21. Nxd7 Qxd7 22. e6 fxe6 23. Rxe6 Nc7 24. Re4 Rf7 25. Rbe1 Rbf8 26. f3 Re8 27. f4 Qf5 28. g4 Qf6 29. c3 Qh4 30. Kg2 Ref8 31. Qe3 Rxf4 32. Rxf4 Rxf4 33. Qxe7+ Qxe7 34. Rxe7+ Rf7 35. Rxf7+ Kxf7 36. g5 Kg7 37. Kf3 h6 38. h4 hxg5 39. hxg5 Kf7 40. Ke4 Na8 41. Bf1 Ke7 42. b4 cxb4 43. cxb4 Nc7 44. Bh3 Kd8 45. Kd4 Nb5+ 46. Kd3 Na7 47. Be6 Ke7 48. Kc4 Ke8 49. Bg4 Ke7 50. Be6 Ke8 51. Kb3 Ke7 52. Ka4 Ke8 53. Bh3 Ke7 54. Bf1 Ke8 55. Bd3 Kf7 56. b5 axb5+ 57. Bxb5 Ke7 58. Bd3 Kf7 59. Be4 Kg7 60. Bd3 1/2-1/2

[Event "ROU-chT Men Superliga 2018"]
[Site "Sovata"]
[Date "2018.11.27"]
[Round "4"]
[White "Andronescu, Madalin"]
[Black "Ognean, Mihnea-Ionut"]
[Result "0-1"]
[ECO "B33"]
[WhiteElo "2070"]
[BlackElo "2291"]
[Annotator "NA"]
[PlyCount "98"]
[EventDate "2018.11.24"]
[EventType "team-tourn"]
[EventCountry "ROU"]
[SourceTitle "playchess.com"]
[Source "ChessBase"]
[SourceQuality "1"]
[TimeControl "40/5400+30:1800+30"]

1. e4 c5 2. Nf3 Nc6 3. d4 cxd4 4. Nxd4 Nf6 5. Nc3 e5 6. Ndb5 d6 7. Bg5 {[%emt 0:00:25] LiveBook: 15786 Games} a6 8. Na3 b5 9. Bxf6 gxf6 10. Nd5 f5 11. Bd3 Be6 12. c3 Bg7 13. Nxb5 {[%emt 0:00:06] B33: Sicilian: Pelikan and Sveshnikov Variations} axb5 14. Bxb5 Bd7 15. exf5 O-O 16. O-O e4 17. a4 Re8 18. Qg4 Kh8 19. Qf4 {[%emt 0:00:04] [#]} Re5 $146 ({Predecessor:} 19... Be5 20. Qh6 Rc8 {0-1 (28) Tari,A (2593)-Zhigalko,S (2641) Katowice 2017}) 20. f6 Rxd5 21. fxg7+ Kxg7 22. Rad1 Rxd1 23. Rxd1 Ne5 24. Bxd7 Nxd7 25. Qxd6 Rxa4 26. h3 Ra2 27. c4 Rxb2 $16 28. c5 Qh4 29. Qd4+ Qf6 30. Qe3 Ne5 31. Rd6 Rb1+ 32. Kh2 Qh4 33. f3 f6 34. Qxe4 Qxe4 35. fxe4 Rc1 36. Rd5 Rc4 37. g4 Rxe4 38. Kg3 Re3+ 39. Kg2 Kg6 40. Rd8 Rc3 41. Rg8+ Kh6 42. h4 Ng6 43. h5 Ne5 44. Kf2 Rxc5 45. Kg3 Rc7 46. Ra8 Rg7 47. Ra4 Nxg4 48. Rxg4 f5 49. Rxg7 Kxg7 0-1

[Event "ROU-chT Men Superliga 2018"]
[Site "Sovata"]
[Date "2018.11.27"]
[Round "4"]
[White "Casangiu, Paul-Horatiu"]
[Black "Stoleriu, George"]
[Result "0-1"]
[ECO "A25"]
[WhiteElo "2027"]
[BlackElo "2362"]
[Annotator "NA"]
[PlyCount "52"]
[EventDate "2018.11.24"]
[EventType "team-tourn"]
[EventCountry "ROU"]
[SourceTitle "playchess.com"]
[Source "ChessBase"]
[SourceQuality "1"]
[TimeControl "40/5400+30:1800+30"]

1. c4 e5 2. Nc3 Nc6 3. e3 g6 4. d4 d6 5. d5 Nce7 6. b4 a5 7. Qa4+ Bd7 8. Nb5 Nf6 9. bxa5 Bg7 10. Rb1 Ne4 11. Qb4 O-O 12. Nc3 c5 13. Qb2 Bf5 14. Nxe4 Bxe4 15. Ra1 Bd3 16. Bd2 e4 17. Bc3 Qxa5 18. Rc1 Bxc3+ 19. Rxc3 Bxf1 20. Kxf1 Qxa2 21. Qxa2 Rxa2 22. g4 f5 23. g5 f4 $19 24. exf4 Rxf4 25. Ne2 Rf3 26. Rg1 Rxe2 0-1

[Event "ROU-chT Men Superliga 2018"]
[Site "Sovata"]
[Date "2018.11.28"]
[Round "5"]
[White "Morozov, Nichita"]
[Black "Georgescu, Tiberiu-Marian"]
[Result "1/2-1/2"]
[ECO "C91"]
[WhiteElo "2439"]
[BlackElo "2505"]
[Annotator "RC"]
[PlyCount "38"]
[EventDate "2018.11.24"]
[EventType "team-tourn"]
[EventCountry "ROU"]
[SourceTitle "playchess.com"]
[Source "ChessBase"]
[SourceQuality "1"]
[TimeControl "40/5400+30:1800+30"]

1. e4 e5 2. Nf3 Nc6 3. Bb5 a6 4. Ba4 Nf6 5. O-O Be7 6. Re1 b5 7. Bb3 d6 8. c3 O-O 9. d4 Bg4 10. Be3 exd4 11. cxd4 d5 12. e5 Ne4 13. Nc3 Nxc3 14. bxc3 Bh5 15. Bc2 Na5 16. Qb1 Bg6 17. Bxg6 fxg6 18. Nd2 Qd7 19. h3 g5 1/2-1/2

[Event "ROU-chT Men Superliga 2018"]
[Site "Sovata"]
[Date "2018.11.28"]
[Round "5"]
[White "Vasiesiu, Dan"]
[Black "Moldovan, Daniel"]
[Result "1/2-1/2"]
[ECO "B56"]
[WhiteElo "2394"]
[BlackElo "2406"]
[Annotator "RC"]
[PlyCount "28"]
[EventDate "2018.11.24"]
[EventType "team-tourn"]
[EventCountry "ROU"]
[SourceTitle "playchess.com"]
[Source "ChessBase"]
[SourceQuality "1"]
[TimeControl "40/5400+30:1800+30"]

1. e4 c5 2. Nf3 d6 3. d4 cxd4 4. Nxd4 Nf6 5. Nc3 Bd7 6. f3 e5 7. Nb3 Be7 8. Be3 O-O 9. Qd2 a5 10. a4 Na6 11. Nd5 Nxd5 12. exd5 b6 13. Bb5 Nc5 14. Nxc5 bxc5 1/2-1/2

[Event "ROU-chT Men Superliga 2018"]
[Site "Sovata"]
[Date "2018.11.28"]
[Round "5"]
[White "Banzea, Alexandru-Bogdan"]
[Black "Ileana, George"]
[Result "1/2-1/2"]
[ECO "B78"]
[WhiteElo "2313"]
[BlackElo "2318"]
[Annotator "RC"]
[PlyCount "54"]
[EventDate "2018.11.24"]
[EventType "team-tourn"]
[EventCountry "ROU"]
[SourceTitle "playchess.com"]
[Source "ChessBase"]
[SourceQuality "1"]
[TimeControl "40/5400+30:1800+30"]

1. e4 c5 2. Nf3 d6 3. d4 cxd4 4. Nxd4 Nf6 5. Nc3 g6 6. Be3 Bg7 7. f3 Nc6 8. Qd2 O-O 9. Bc4 Bd7 10. O-O-O Rc8 11. Bb3 Nxd4 12. Bxd4 b5 13. Nd5 Nxd5 14. Bxg7 Kxg7 15. exd5 a5 16. a3 Kg8 17. h4 b4 18. axb4 axb4 19. h5 Bf5 20. hxg6 Bxg6 21. Qxb4 Rb8 22. Qd4 Qa5 23. Qa4 Qc5 24. Qd4 Qa5 25. Qa4 Qb6 26. Qd4 Qa5 27. Qa4 Qc5 1/2-1/2

[Event "ROU-chT Men Superliga 2018"]
[Site "Sovata"]
[Date "2018.11.28"]
[Round "5"]
[White "Ognean, Mihnea-Ionut"]
[Black "Vasiesiu, Victor"]
[Result "1-0"]
[ECO "A58"]
[WhiteElo "2291"]
[BlackElo "2270"]
[Annotator "NA RC"]
[PlyCount "49"]
[EventDate "2018.11.24"]
[EventType "team-tourn"]
[EventCountry "ROU"]
[SourceTitle "playchess.com"]
[Source "ChessBase"]
[SourceQuality "1"]
[TimeControl "40/5400+30:1800+30"]

1. d4 Nf6 2. c4 c5 3. d5 b5 4. cxb5 a6 5. bxa6 g6 6. Nc3 {[%emt 0:00:03] A58: Benko/Volga Gambit: Lines with 5 bxa6} Bg7 7. e4 O-O 8. Nf3 Qa5 9. Bd2 Bxa6 10. Be2 Qb4 11. Bxa6 Nxa6 12. Qe2 Qxb2 13. O-O $146 ({Predecessor:} 13. Rb1 Qa3 {½-½ (76) Khairullin,I (2647)-Yuffa,D (2504) Doha 2015}) 13... d6 14. Rab1 Qa3 15. Rb3 Qa5 16. Rfb1 Rfb8 17. e5 Rxb3 18. Rxb3 dxe5 19. Nxe5 Bf8 $2 (19... Nb4 $11) 20. Rb7 Nb4 {[%emt 0:08:34] [#]} 21. d6 $1 exd6 {[%emt 0:03:04] [#]} 22. Qf3 $1 Bg7 23. Ng4 ({Weaker is} 23. Nxf7 Qa6 $16) 23... Qd8 {[%emt 0:06:38] [#]} 24. Bg5 $16 (24. Ne4 $1 $18 {and the rest is easy.}) 24... Qe8 25. Re7 1-0

[Event "ROU-chT Men Superliga 2018"]
[Site "Sovata"]
[Date "2018.11.28"]
[Round "5"]
[White "Vilcu, Matei-Stefan"]
[Black "Danilov, Vladimir"]
[Result "0-1"]
[ECO "C17"]
[WhiteElo "1892"]
[BlackElo "2386"]
[Annotator "NA RC"]
[PlyCount "76"]
[EventDate "2018.11.24"]
[EventType "team-tourn"]
[EventCountry "ROU"]
[SourceTitle "playchess.com"]
[Source "ChessBase"]
[SourceQuality "1"]
[TimeControl "40/5400+30:1800+30"]

1. e4 e6 2. d4 d5 3. Nc3 Bb4 4. e5 c5 5. Bd2 Nc6 6. Nb5 Bxd2+ 7. Qxd2 Nxd4 8. Nxd4 cxd4 9. Qxd4 {[%emt 0:02:21] C17: French: 3 Nc3 Bb4 4 e5 c5 sidelines} (9. Nf3 Ne7 10. Nxd4 O-O 11. f4 Nc6 12. Nf3 Qb6 13. O-O-O Bd7 14. a3 Rfc8 15. Kb1 Na5 16. Nd4 Nc6 17. Nf3 Na5 18. Nd4 Nc6 19. Nb3 Ne7 {1-0 (47) Sethuraman,S (2631)-Safarli,E (2653) Sharjah 2018}) 9... Ne7 10. Nf3 Bd7 11. Bd3 Nc6 12. Qg4 g6 $146 ({Predecessor:} 12... O-O 13. Bxh7+ Kxh7 14. Qh5+ Kg8 15. Ng5 Qa5+ 16. c3 Rfe8 17. Qxf7+ Kh8 18. Qh5+ Kg8 19. f4 Ne7 20. Qf7+ Kh8 21. Rd1 Qa6 22. Rf1 {1-0 (22) Geiger,W (2158)-Preusse,G (2233) ICCF email 2011}) 13. O-O Qe7 14. c4 Nb4 15. Be2 h5 16. Qf4 dxc4 17. Bxc4 Bc6 18. Nd4 Rd8 19. a3 Nd5 20. Qf3 O-O 21. Rac1 Qg5 22. Nxc6 bxc6 23. Qe4 Rd7 24. Bxd5 cxd5 25. Qd4 a5 26. Rc5 Ra8 27. f4 Qg4 28. h3 Qf5 29. Rfc1 Rb7 30. Kh2 Rab8 31. Rc8+ $17 Rxc8 32. Rxc8+ Kh7 33. Rc5 Qb1 34. Rxa5 Rxb2 35. Ra7 Qc2 36. Qg1 Kg7 37. Qf1 h4 38. Qf3 Qc5 0-1

[Event "ROU-chT Men Superliga 2018"]
[Site "Sovata"]
[Date "2018.11.29"]
[Round "6"]
[White "Ogleznev, Alexandr"]
[Black "Svetushkin, Dmitry"]
[Result "0-1"]
[ECO "C70"]
[WhiteElo "2333"]
[BlackElo "2605"]
[Annotator "RC"]
[PlyCount "128"]
[EventDate "2018.11.24"]
[EventType "team-tourn"]
[EventCountry "ROU"]
[SourceTitle "playchess.com"]
[Source "ChessBase"]
[SourceQuality "1"]
[TimeControl "40/5400+30:1800+30"]

1. e4 e5 2. Nf3 Nc6 3. Bb5 a6 4. Ba4 b5 5. Bb3 g6 6. O-O Bg7 7. c3 Nge7 8. d4 exd4 9. cxd4 O-O 10. d5 Na5 11. Bd2 c5 12. d6 Nec6 13. Bc3 Nxb3 14. axb3 Bb7 15. Bxg7 Kxg7 16. Nc3 Nb4 17. Re1 Re8 18. Qd2 Qf6 19. Rad1 h6 20. Re3 Re6 21. Rde1 Qf4 22. Rd1 Rae8 23. Ne2 Qf6 24. e5 Qf5 25. Ng3 Qc2 26. Qxc2 Nxc2 27. Rc3 Nd4 28. Nxd4 cxd4 29. Rc7 Bc6 30. f4 f6 31. Ne2 fxe5 32. fxe5 Rxe5 33. Nxd4 Rd5 34. Rc1 Rxd4 35. R1xc6 Re2 36. Rxd7+ Kf6 37. h3 Rdd2 38. Rh7 Rxg2+ 39. Kf1 Rh2 40. d7+ Kf5 41. Rf7+ Kg5 42. Kg1 Rxh3 43. Rff6 Rxd7 44. Rxg6+ Kf4 45. Rxa6 Rxb3 46. Raf6+ Ke4 47. Re6+ Kd5 48. Re2 Rh7 49. Rd2+ Kc5 50. Rc2+ Kb4 51. Rg4+ Ka5 52. Rh4 Re3 53. Kf2 Re5 54. Rc6 Rf7+ 55. Kg3 Rg5+ 56. Kh3 Rf3+ 57. Kh2 h5 58. Rc2 Rd3 59. Re4 Rgd5 60. Ree2 Ka4 61. Kg2 Kb3 62. Kf2 h4 63. Kg2 Rg3+ 64. Kh2 Rdd3 0-1